AoeStats
← K

Black Forest

509640396Analyzed
4v4 RM · 6d ago on Sep 27, 2026· 58m 23s· 8 players
Game mode
Random Map
Map size
Large (8 player)
Population
200
Speed
Normal
Resources
Standard
Victory
Conquest
Starting age
Dark Age
Ending age
Imperial Age
RankedLock teamsTeams togetherTeam positionsShared explorationLock speedFull tech treeHidden civsTurbo modeCheats
Victory
Defeat
🇦🇹 Maya · Austria
953
+53
🇺🇸 Danes · United States
932
+19
🇪🇸 Turks · Spain
899
+21
🇹🇳 Koreans · Tunisia
888
+21
🇬🇧 Dravidians · United Kingdom
1156
-26
🇨🇳 Jurchens · China
1094
-23
🇨🇳 Romans · China
949
-18
🇨🇳 Persians · China
815
-12
Spacegandalf
22:10 Feudal Age
22:47 Double-Bit Axe
23:44 Wheelbarrow
24:51 Gold Mining
24:52 Stone Mining
26:25 Arson
26:07 Man-at-Arms
30:54 Horse Collar
37:14 Castle Age
38:31 Hand Cart
38:20 Eagle Warrior
42:30 Town Watch
42:32 Loom
44:52 Town Patrol
55:09 Bow Saw
55:39 Stone Shaft Mining
55:10 Heavy Plow
56:58 Hul'che Javelineers
60:17 Imperial Age
O.
7:00 Loom
11:50 Feudal Age
12:35 Double-Bit Axe
13:43 Horse Collar
21:11 Castle Age
19:06 Stone Mining
24:23 Gold Mining
26:57 Bow Saw
27:26 Caravan
28:05 Heavy Plow
29:54 Wheelbarrow
34:38 Imperial Age
32:25 Hand Cart
32:01 Town Watch
33:13 Scale Mail Armor
33:24 Forging
33:13 Treadmill Crane
33:53 Ballistics
34:12 Chain Mail Armor
34:21 Masonry
34:27 Squires
34:31 Fletching
34:47 Scale Barding Armor
36:18 Chemistry
35:47 Conscription
34:55 Pikeman
35:37 Bodkin Arrow
36:51 Two-Man Saw
36:59 Iron Casting
37:02 Architecture
37:00 Devotion
36:49 Arson
38:35 Plate Mail Armor
38:39 Fortified Wall
39:12 Thumb Ring
40:34 Halberdier
41:19 Bracer
41:52 Elite Skirmisher
43:07 Heavy Rocket Cart
52:27 Shinkichon
55:38 Eupseong
55:49 Arrowslits
56:10 Siege Engineers
57:01 Chain Barding Armor
ramizeta
4:50 Loom
13:05 Feudal Age
17:12 Castle Age
15:54 Double-Bit Axe
15:55 Horse Collar
19:04 Bow Saw
22:30 Wheelbarrow
23:17 Gold Mining
28:28 Imperial Age
28:33 Hand Cart
28:10 Fletching
28:32 Forging
28:27 Heavy Plow
29:33 Gold Shaft Mining
42:57 Conscription
43:15 Scale Barding Armor
43:46 Iron Casting
43:27 Bloodlines
47:16 Chain Barding Armor
47:57 Blast Furnace
53:42 Plate Barding Armor
TheDukeofWrenches
0:30 Loom
13:05 Feudal Age
14:18 Double-Bit Axe
14:15 Horse Collar
16:53 Wheelbarrow
23:19 Castle Age
27:15 Forging
27:06 Scale Mail Armor
28:01 Bow Saw
29:52 Chain Mail Armor
30:13 Iron Casting
31:50 Fletching
43:06 Imperial Age
40:52 Hand Cart
42:36 Sanctity
46:06 Conscription
45:10 Onager
45:13 Capped Ram
45:31 Heavy Scorpion
49:05 Siege Onager
52:04 Siege Engineers
53:21 Gold Mining
53:21 Stone Mining
53:29 Northmen's Fury
54:24 Masonry
54:35 Ballistics
55:15 Chemistry
57:19 Caravan
伐伐伐伐木工
7:34 Loom
11:34 Feudal Age
12:54 Loom
14:52 Double-Bit Axe
18:07 Castle Age
17:48 Stone Mining
19:31 Gold Mining
24:26 Wheelbarrow
26:38 Gold Shaft Mining
26:33 Bow Saw
28:12 Hand Cart
32:46 Imperial Age
30:48 Caravan
34:58 Chemistry
34:19 Ballistics
33:27 Onager
36:43 Elite War Elephant
打爆你的金针菇
12:05 Feudal Age
13:47 Double-Bit Axe
16:04 Gold Mining
18:54 Castle Age
16:54 Stone Mining
17:07 Horse Collar
22:33 Bow Saw
25:24 Heavy Plow
26:27 Loom
27:18 Wheelbarrow
32:20 Imperial Age
30:46 Fletching
31:07 Forging
30:58 Scale Mail Armor
31:30 Hand Cart
31:29 Ballistas
34:02 Chemistry
33:11 Siege Engineers
34:49 Heavy Scorpion
37:23 Bodkin Arrow
38:03 Iron Casting
37:44 Chain Mail Armor
37:19 Man-at-Arms
38:26 Long Swordsman
38:55 Long Swordsman
39:37 Squires
40:15 Crop Rotation
40:49 Blast Furnace
40:26 Comitatenses
40:04 Legionary
43:29 Ballistics
48:48 Onager
YuangXue
12:12 Feudal Age
14:02 Double-Bit Axe
14:13 Horse Collar
16:50 Castle Age
19:28 Bow Saw
22:24 Wheelbarrow
23:20 Gold Mining
23:51 Hand Cart
24:56 Fortified Bastions
25:23 Fletching
26:13 Bodkin Arrow
27:11 Gold Shaft Mining
29:54 Squires
29:57 Scale Mail Armor
30:07 Forging
54:07 Husbandry
54:17 Bloodlines
57:20 Imperial Age
K
9:53 Loom
13:39 Feudal Age
21:48 Castle Age
20:22 Double-Bit Axe
28:19 Bow Saw
30:10 Wheelbarrow
29:21 Town Watch
29:44 Gold Mining
34:40 Imperial Age
32:18 Medical Corps
32:18 Fletching
32:28 Padded Archer Armor
33:25 Bodkin Arrow
34:20 Ballistics
34:31 Leather Archer Armor
34:08 Horse Collar
36:08 Wootz Steel
35:51 Bracer
36:16 Hand Cart
35:55 Stone Mining
36:36 Thumb Ring
37:19 Ring Archer Armor
38:50 Conscription
38:52 Elite Elephant Archer
39:54 Elite Skirmisher
41:47 Chemistry
41:02 Medical Corps
48:30 Light Cavalry
49:11 Husbandry
55:14 Two-Man Saw
55:18 Hoardings
Connection lost

Rejoining the realm…

Still unreachable

The connection could not be restored.

Session expired

The server has moved on; the page needs a fresh start.